 Dungeon Sprint DCSS version 0.31-a0-187-gba352fbbf7 (webtiles) character file.

Game seed: 14057775181460727591

54 rocky1 the Slasher (level 6, -8/53 HPs)
             Began as a Gnoll Reaver on June 23, 2023.
             Was an Initiate of Gozag.
             Killed from afar by an air elemental (9 damage)
             ... with a stunning burst
             ... while paralysed by an air elemental
             ... in the Dungeon (Sprint VI: "Thunderdome").
             The game lasted 00:02:49 (379 turns).

rocky1 the Slasher (Gnoll Reaver)                    Turns: 379, Time: 00:02:51

Health: -8/53      AC:  3    Str: 11    XL:     6   Next: 9%
Magic:  24/24      EV:  2    Int: 12    God:    Gozag
Gold:   730        SH:  0    Dex: 13    Spells: 17/18 levels left

rFire   + . .        a - +0 falchion
rCold   + + .        (no shield)
rNeg    + + .        b - +0 leather armour
rPois   +            (no helmet)
rElec   +            (no cloak)
rCorr   +            (no gloves)
SInv    .            (no boots)
Will    .....        n - amulet of Xuizon {Reflect +Inv Slay+4 SH+5}
Stlth   ++           m - ring "Noesueh" {rPois rC+ MP+9}
HPRegen 0.28/turn    g - ring of Nebral {Contam Fly rPois rN++ Slay+2}
MPRegen 0.19/turn

%: no teleportation, reflection
@: paralysed, resistant, flying
A: fangs 1, strong nose, distributed training
a: Renounce Religion, Evoke Invisibility, Potion Petition, Call Merchant, Bribe
Branch


You were in the Dungeon.
You worshipped Gozag.
Gozag was pleased with you.
You visited 1 branch You collected 865 gold pieces.
You spent 135 gold pieces at shops.

Inventory:

Hand Weapons
 a - a +0 falchion (weapon)
Armour
 b - a +0 leather armour (worn)
Jewellery
 g - the ring of Nebral (right hand) {Contam Fly rPois rN++ Slay+2}
   (You bought it in a shop in the Dungeon)

   [ring of flight]

   Slay:      It affects your accuracy & damage with ranged weapons and melee
   (+2).
   rPois:     It protects you from poison.
   rN:        It greatly protects you from negative energy.
   Fly:       It grants you flight.
   Contam:    It causes magical contamination when unequipped.
 m - the ring "Noesueh" (left hand) {rPois rC+ MP+9}
   (You bought it in a shop in the Dungeon)

   [ring of poison resistance]

   rC:        It protects you from cold.
   rPois:     It protects you from poison.
   MP:        It affects your magic capacity (+9).
 n - the amulet of Xuizon (around neck) {Reflect +Inv Slay+4 SH+5}
   (You bought it in a shop in the Dungeon)

   [amulet of reflection]

   It reflects blocked missile attacks.
   Slay:      It affects your accuracy & damage with ranged weapons and melee
   (+4).
   +Inv:      It lets you turn invisible.
   SH:        It affects your SH (+5).
Wands
 j - a wand of acid (5)
 k - a wand of roots (5)
Scrolls
 h - 3 scrolls of blinking
 l - 3 scrolls of fog
Potions
 c - a potion of curing
 e - 4 potions of haste
 f - 2 potions of magic


   Skills:
 + Level 6.3 Fighting
 + Level 4.3 Short Blades
 + Level 7.9 Long Blades
 + Level 4.3 Axes
 + Level 4.3 Maces & Flails
 + Level 4.3 Polearms
 + Level 4.3 Staves
 + Level 4.3 Ranged Weapons
 + Level 4.3 Throwing
 + Level 4.3 Armour
 + Level 6.3 Dodging
 + Level 4.3 Stealth
 + Level 4.3 Shields
 + Level 4.3 Unarmed Combat
 + Level 6.7 Spellcasting
 + Level 6.6 Conjurations
 + Level 3.5 Hexes
 + Level 3.5 Summonings
 + Level 3.5 Necromancy
 + Level 3.5 Translocations
 + Level 3.5 Transmutations
 + Level 3.5 Fire Magic
 + Level 3.5 Ice Magic
 + Level 3.5 Air Magic
 + Level 3.5 Earth Magic
 + Level 3.5 Poison Magic
 + Level 4.7 Invocations
 + Level 4.3 Evocations


You had 17 spell levels left.
You knew the following spells:

 Your Spells              Type           Power      Damage    Failure   Level
a - Kiss of Death         Conj/Necr      64%        2d10      2%          1

Your spell library contained the following spells:

 Spells                   Type           Power      Damage    Failure   Level
 Momentum Strike          Conj/Tloc      32%        3d8       4%          2
 Hailstorm                Conj/Ice       16%        3d6       8%          3


Dungeon Overview and Level Annotations

Branches:
Dungeon (1/1)

Altars:
Cheibriados
Dithmenos
Fedhas
Gozag
Kikubaaqudgha
Makhleb
Okawaru
Qazlal
Ru
Sif Muna
Trog
Uskayaw
Vehumet
Wu Jian
Xom
Yredelemnul
Zin
The Shining One
Lugonu

Shops:
D *[??*?*:[((!!!!


Innate Abilities, Weirdness & Mutations

You have very sharp teeth.
Your uncanny sense of smell can sniff out nearby items.
Your experience applies equally to all skills.


Message History

You bite the sky beast, but do no damage.
The sky beast is heavily wounded.
You block the air elemental's attack.
The air elemental fires a burst of electricity at you.
The stunning burst hits you.
You suddenly lose the ability to move!
The sky beast hits you but does no damage.
A sky beast comes into view.
The air elemental hits you!
The air elemental fires a burst of electricity at you.
The stunning burst hits you! The sky beast hits you. The sky beast shocks you.
The air elemental hits you.
* * * LOW HITPOINT WARNING * * *
You can move again.
Unknown command.
You feel much better.
The air elemental fires a burst of electricity at you.
The stunning burst hits you!
You shrug off the repeated paralysis!
You block the air elemental's attack. You block the sky beast's attack.
The air elemental fires a burst of electricity at you.
The stunning burst hits you!
You shrug off the repeated paralysis!
* * * LOW HITPOINT WARNING * * *
You feel much better. The air elemental hits you!
You block the sky beast's attack. The air elemental hits you.
You feel protected. The air elemental misses you. The air elemental hits you!
* * * LOW HITPOINT WARNING * * *
The sky beast hits you.
* * * LOW HITPOINT WARNING * * *
The sky beast shocks you. You resist.
* * * LOW HITPOINT WARNING * * *
The air elemental hits you.
* * * LOW HITPOINT WARNING * * *
Unknown command.
Blink to where?
Press: ? - help, Dir - move target
As you read the scroll of blinking, it crumbles to dust.
The air elemental fires a burst of electricity at you.
The stunning burst hits you! You resist.
You suddenly lose the ability to move!
You die...
Your body crumbles into a pile of gold.

###∩.....Y..8.# #.8........∩##
##........E....###.............
#⌠...)......###...###..........
#⌠[)........# #.<.# #..........
#⌠[[.[....[.###...###..........
##.........)...###.............
###∩........8.# #.8........∩##
##∩_._......###......_._∩##
######.8..@......8.######
#⌠...........⌠# ###.........###
#_......._# #........_#
#_......._# #∩.......∩#
##∩.....∩## ##.....##


You could see an air elemental.

Vanquished Creatures
  A sky beast (D)
  A hound (D)
  A gnoll bouda (D)
  An orc priest (D)
  An orc wizard (D)
  3 gnolls (D)
  4 orcs (D)
12 creatures vanquished.

Notes
Turn   | Place    | Note
-------+----------+-------------------------------------------
     0 | D        | rocky1 the Gnoll Reaver began the quest for the Orb.
     0 | D        | Reached XP level 1. HP: 20/20 MP: 6/6
     4 | D        | Found a radiant altar of Vehumet.
     4 | D        | Found a shadowy altar of Dithmenos.
     5 | D        | Found a blossoming altar of Fedhas.
     5 | D        | Found an ornate altar of the Wu Jian Council.
     5 | D        | Round 1.
     6 | D        | Found a bloodstained altar of Trog.
     7 | D        | Found a stormy altar of Qazlal.
     7 | D        | Found a shimmering altar of Xom.
     7 | D        | Found Nueboek's Identification Station.
     8 | D        | Found Gesaw's Jewellery.
     8 | D        | Found Kabeimiu's Magic Scroll Shop.
     8 | D        | Found Fyqumyop's Advanced Armour.
    16 | D        | Reached skill level 1 in Short Blades
    16 | D        | Reached skill level 1 in Axes
    16 | D        | Reached skill level 1 in Maces & Flails
    16 | D        | Reached skill level 1 in Polearms
    16 | D        | Reached skill level 1 in Staves
    16 | D        | Reached skill level 1 in Ranged Weapons
    16 | D        | Reached skill level 1 in Throwing
    16 | D        | Reached skill level 1 in Armour
    16 | D        | Reached skill level 1 in Stealth
    16 | D        | Reached skill level 1 in Shields
    16 | D        | Reached skill level 1 in Unarmed Combat
    16 | D        | Reached skill level 5 in Spellcasting
    16 | D        | Reached skill level 1 in Hexes
    16 | D        | Reached skill level 1 in Summonings
    16 | D        | Reached skill level 1 in Necromancy
    16 | D        | Reached skill level 1 in Translocations
    16 | D        | Reached skill level 1 in Transmutations
    16 | D        | Reached skill level 1 in Fire Magic
    16 | D        | Reached skill level 1 in Ice Magic
    16 | D        | Reached skill level 1 in Air Magic
    16 | D        | Reached skill level 1 in Earth Magic
    16 | D        | Reached skill level 1 in Poison Magic
    16 | D        | Reached skill level 1 in Invocations
    16 | D        | Reached skill level 1 in Evocations
    16 | D        | Reached XP level 2. HP: 3/26 MP: 8/8
    17 | D        | Found a basalt altar of Yredelemnul.
    17 | D        | Found a glowing silver altar of Zin.
    17 | D        | Found a glowing golden altar of the Shining One.
    17 | D        | Found Kytiev's Staff Store.
    19 | D        | Found Simaoh's Magic Scroll Shop.
    19 | D        | Found Ziasho's Must-Have Magic.
    22 | D        | Found a burning altar of Makhleb.
    23 | D        | Found an opulent altar of Gozag.
    25 | D        | Found Pinodusa's Distillery.
    31 | D        | Reached skill level 5 in Fighting
    31 | D        | Reached skill level 5 in Dodging
    31 | D        | Reached XP level 3. HP: 30/33 MP: 9/9
    31 | D        | Found Yro Wuoh's Distillery.
    31 | D        | Found Fiam Soa's Bottled Wisdom.
    36 | D        | Became a worshipper of Gozag Ym Sagoz the Greedy
    37 | D        | Found an ancient bone altar of Kikubaaqudgha.
    37 | D        | Found an iron altar of Okawaru.
    37 | D        | Found Buhog's Do-It-Yourself Clinic.
   130 | D        | Reached skill level 7 in Long Blades
   151 | D        | Reached XP level 4. HP: 32/39 MP: 11/11
   151 | D        | Found a sacrificial altar of Ru.
   153 | D        | Arena points: 12 (+12) [x2]
   160 | D        | Found a hide-covered altar of Uskayaw.
   162 | D        | Found Qadagon's Premium Goods.
   190 | D        | Found Acysh's Miscellaneous Merchandise.
   190 | D        | Found Jixemawn's Basic Armour.
   192 | D        | Found a snail-covered altar of Cheibriados.
   192 | D        | Found a corrupted altar of Lugonu.
   192 | D        | Found a shimmering blue altar of Sif Muna.
   192 | D        | Found Biysudeuwop's Weapon Rack.
   195 | D        | Round 2.
   213 | D        | Reached XP level 5. HP: 38/46 MP: 11/13
   281 | D        | Arena points: 54 (+42) [x3]
   293 | D        | Bought an ancient jade ring for 45 gold pieces
   293 | D        | Identified the ring of Nebral {Contam Fly rPois rN++
                  | Slay+2} (You bought it in a shop in the Dungeon)
   293 | D        | Bought an ancient bronze ring for 45 gold pieces
   293 | D        | Identified the ring "Noesueh" {rPois rC+ MP+9} (You bought
                  | it in a shop in the Dungeon)
   293 | D        | Bought a slimy emerald amulet for 45 gold pieces
   293 | D        | Identified the amulet of Xuizon {Reflect +Inv Slay+4 SH+5}
                  | (You bought it in a shop in the Dungeon)
   344 | D        | Round 3.
   346 | D        | Noticed a sky beast
   358 | D        | Killed a sky beast
   359 | D        | Reached XP level 6. HP: 26/53 MP: 15/15
   367 | D        | Noticed a sky beast
   368 | D        | Noticed an air elemental
   370 | D        | Paralysed by an air elemental for 1 turns
   374 | D        | Paralysed by an air elemental for 1 turns
   374 | D        | Noticed a sky beast
   378 | D        | HP: 1/53 [air elemental (5)]
   379 | D        | Paralysed by an air elemental for 1 turns
   379 | D        | Killed from afar by an air elemental

Illustrated notes

Levels and vault maps discovered:
D:        arena_sprint

Skill      XL: |  1  2  3  4  5 |
---------------+----------------+-----
Short Blades   | 1 2 3 4 |  4.3
Axes           | 1 2 3 4 |  4.3
Maces & Flails | 1 2 3 4 |  4.3
Polearms       | 1 2 3 4 |  4.3
Staves         | 1 2 3 4 |  4.3
Ranged Weapons | 1 2 3 4 |  4.3
Throwing       | 1 2 3 4 |  4.3
Armour         | 1 2 3 4 |  4.3
Stealth        | 1 2 3 4 |  4.3
Shields        | 1 2 3 4 |  4.3
Unarmed Combat | 1 2 3 4 |  4.3
Spellcasting   | 5 6 |  6.7
Hexes          | 1 2 3 |  3.5
Summonings     | 1 2 3 |  3.5
Necromancy     | 1 2 3 |  3.5
Translocations | 1 2 3 |  3.5
Transmutations | 1 2 3 |  3.5
Fire Magic     | 1 2 3 |  3.5
Ice Magic      | 1 2 3 |  3.5
Air Magic      | 1 2 3 |  3.5
Earth Magic    | 1 2 3 |  3.5
Poison Magic   | 1 2 3 |  3.5
Invocations    | 1 2 3 4 |  4.7
Evocations     | 1 2 3 4 |  4.3
Fighting       | 5 6 |  6.3
Dodging        | 5 6 |  6.3
Long Blades    | 7 |  7.9
Conjurations   | 6 |  6.6

Action                     |  1- 3 |  4- 6 || total
---------------------------+-------+-------++-------
  Melee: Falchion          |    21 |    46 ||    67
         Bite              |     1 |     4 ||     5
         Punch             |     1 |       ||     1
    Use: Potion            |     2 |     4 ||     6
         Scroll            |       |     1 ||     1
 Armour: Leather armour    |     3 |    12 ||    15
  Dodge: Dodged            |     9 |    20 ||    29
  Block: Other             |       |     4 ||     4

Table legend: (Time is in decaauts)
 A = Elapsed time spent in this place.
 B = Non-inter-level travel time spent in this place.
 C = Inter-level travel time spent in this place.
 D = Time resting spent in this place.
 E = Time spent auto-exploring this place.
 F = Levels seen in this place.
 G = Mean time per level.
                   A        B        C        D        E       F      G
               +--------+--------+--------+--------+--------+-----+--------+
         Total |    386 |    386 |      0 |    180 |      0 |   1 |  386.0 |
       Dungeon |    386 |    386 |      0 |    180 |      0 |   1 |  386.0 |
               +--------+--------+--------+--------+--------+-----+--------+

Top non-repeatable levels by time:
       D: 386 daAuts
